 Dungeon Crawl Stone Soup version 0.29.1-15-g9cfb28693d (webtiles) character file.

Game seed: 14013399479447606685

184 leafyfresh the Sneak (level 5, 0/37 HPs)
             Began as an Octopode Delver on Mar 4, 2023.
             Killed by divine providence
             ... invoked by an orc priest
              (12 damage)
             ... on level 5 of the Dungeon.
             The game lasted 00:04:02 (3493 turns).

leafyfresh the Sneak (Octopode Delver)              Turns: 3493, Time: 00:04:02

Health: 0/37       AC: -3    Str: 11    XL:     5   Next: 63%
Magic:  5/5        EV: 14    Int: 14    God:
Gold:   172        SH:  0    Dex: 14    Spells: 4/4 levels left

rFire   . . .      SeeInvis .   t - +4 quarterstaff
rCold   + . .      Faith    .   (shield currently unavailable)
rNeg    . . .      Spirit   .   (helmet restricted)
rPois   .          Reflect  .   (no amulet)
rElec   .          Harm     .   v - ring of protection from cold
rCorr   .          Rampage  .   (no ring)
Will    .....                   (no ring)
Stlth   +++.......              (no ring)
HPRegen 0.12/turn               (no ring)
MPRegen 0.09/turn               (no ring)
                                (no ring)
                                (no ring)

@: confused, corroded
A: almost no armour, amphibious, 8 rings, camouflage 1, gelatinous body 1,
(nimble swimmer 1), tentacles
a: no special abilities


You were on level 5 of the Dungeon.
You visited 2 branches of the dungeon, and saw 6 of its levels.

You collected 172 gold pieces.

Inventory:

Hand Weapons
 a - a +0 short sword
 t - a +4 quarterstaff (weapon)
 A - a +3 short sword
Missiles
 l - 6 atropa-tipped darts (quivered)
 m - 13 poisoned darts
Jewellery
 v - a ring of protection from cold (left tentacle)
 z - a ring of fire
Wands
 f - a wand of digging (3)
 g - a wand of roots (7)
 r - a wand of mindburst (4)
Scrolls
 b - a scroll of fog
 c - 4 scrolls of magic mapping
 d - 2 scrolls of fear
 h - 2 scrolls of silence {unknown}
 k - a scroll of enchant weapon {unknown}
 o - a scroll of vulnerability {unknown}
 p - 5 scrolls of identify {unknown}
 q - a scroll of blinking {unknown}
 w - a scroll of noise {unknown}
 y - a scroll of poison {unknown}
Potions
 e - 3 potions of haste
 i - a potion of experience {unknown}
 j - a potion of berserk rage {unknown}
 n - a potion of heal wounds {unknown}
 s - a potion of brilliance {unknown}
 u - a potion of curing {unknown}
 x - a potion of flight {unknown}


   Skills:
 + Level 4.2 Fighting
 - Level 2.0 Short Blades
 + Level 3.6 Dodging
 + Level 7.9 Stealth


You had 4 spell levels left.
You didn't know any spells.
Your spell library contained the following spells:

 Spells                   Type           Power      Damage    Failure   Level
 Dazzling Flash           Conj/Hex       0%         N/A       65%         3
 Gell's Gravitas          Tloc           0%         N/A       65%         3
 Lesser Beckoning         Tloc           0%         N/A       65%         3
 Teleport Other           Tloc           0%         N/A       65%         3
 Iskenderun's Mystic Bla  Conj/Tloc      0%         2d3       96%         4
 Starburst                Conj/Fire      0%         6d3       100%        6


Dungeon Overview and Level Annotations

Branches:
Dungeon (5/15)             Temple (1/1) D:4

Altars:
Cheibriados
Elyvilon
Makhleb
Nemelex Xobeh
Ru
Sif Muna
Vehumet
Xom
Zin
The Shining One

Shops:
D:2 (

Annotations:
D:3 2 transporters, leafyfresh's ghost, weakling OpDe


Innate Abilities, Weirdness & Mutations

You cannot wear most types of armour.
You are amphibious.
You can wear up to eight rings at the same time.
Your skin changes colour to match your surroundings (Stealth+).
Your rubbery body absorbs attacks. (AC +1, EV +1)
((You are camouflaged when in or above water. (Stealth+)))
You have tentacles for arms and can constrict up to eight enemies at once.


Message History

As you read the scroll of magic mapping, it crumbles to dust.
You feel aware of your surroundings.
You sensed 5 altars.
Found a leather armour.
No target in view!
Found a stone staircase leading down.
No target in view!
You now have 161 gold pieces (gained 11).
Found 11 gold pieces.
You see here a +3 short sword.
No target in view!
You now have 172 gold pieces (gained 11).
An orc priest comes into view. It is wielding a +0 trident.
An orc wizard comes into view. It is wielding a +0 dagger.
Unknown command.
You see here a +3 short sword.
A - a +3 short sword An orc wizard comes into view.
It is wielding a +2 dagger of speed and carrying a wand of acid (6).
There are monsters nearby!
The orc wizard zaps a wand.
The bolt of acid hits you! The acid corrodes you!
There are monsters nearby!
You closely miss the orc wizard. You grab the orc wizard.
You constrict the orc wizard. The orc wizard casts a spell at you.
You are confused.
The orc wizard hits you with a +2 dagger of speed.
The orc wizard zaps a wand.
The bolt of acid hits you!
You are too injured to fight recklessly!
Unknown command.
You hit the orc wizard.
The orc wizard is moderately wounded.
You constrict the orc wizard. The orc wizard casts a spell at you.
You are more confused.
The orc priest calls upon Beogh to heal the orc wizard.
The orc wizard is healed somewhat.
The orc wizard completely misses you.
The orc wizard gestures at you while chanting.
You are more confused.
The orc priest mumbles some strange prayers to Beogh against you.
Beogh smites you!
You die...

,**,,**,*,**,*##*##......#,.,,,_,
,*,,*,,,,,,,,,#.##.......#..,⌠,,,
,*,<,,,*,,*#.,#.............,,,,*
,,,,,,,*,.##o...#..#.....#.######
,,,,,,,**..#..###.....##.###.....
~,~~**,,,.....###o#...##.....#...
~,~~**,,,.........##..##.#.......
,,,,~~,,,..*#...o.##.............
,,,,~~,**.,*##..@.###............
~,,,~~,***,*##....##...........(.
,,,,~~,**#..#...........##.......
,,,,~~~,,.........#......#.......
~~~~**,*,.#.####.##.##...........
~~~~**,*,*#,,* #.....#..........>
,,,,,,,,,*,,** #........[....##..
,,,,,,,,***,,* ##.............#.)
,,,,,,*,*,*,,** ##...............


You could see an orc priest and 2 orc wizards.

Vanquished Creatures
  A hound (D:4)
  2 iguanas (D:4)
  An adder (D:4)
  8 dart slugs
  An orc (D:4)
  5 bats
  7 endoplasms
  11 giant cockroaches
  9 goblins
  7 hobgoblins
  A quokka (D:2)
  10 ball pythons
  3 frilled lizards
  4 kobolds
  4 rats
74 creatures vanquished.

Vanquished Creatures (others)
  A demonic plant (D:1)
  A fungus (D:1)
  2 plants (D:1)
4 creatures vanquished.

Grand Total: 78 creatures vanquished

Notes
Turn   | Place    | Note
-------+----------+-------------------------------------------
     0 | D:5      | leafyfresh the Octopode Delver began the quest for the Orb.
     0 | D:5      | Reached XP level 1. HP: 16/16 MP: 1/1
    35 | D:4      | Found a staircase to the Ecumenical Temple.
    45 | Temple   | Entered the Ecumenical Temple
   137 | D:4      | Found a white marble altar of Elyvilon.
   317 | D:4      | Reached XP level 2. HP: 20/21 MP: 2/2
   470 | D:4      | Found a burning altar of Makhleb.
   477 | D:4      | Reached skill level 7 in Stealth
   477 | D:4      | Reached XP level 3. HP: 9/26 MP: 3/3
  1047 | D:4      | Reached XP level 4. HP: 33/33 MP: 4/4
  1600 | D:3      | Found a transporter.
  1604 | D:3      | Noticed leafyfresh's ghost (weakling OpDe)
  1622 | D:3      | Found a transporter.
  1724 | D:3      | Found a sacrificial altar of Ru.
  2146 | D:2      | Reached XP level 5. HP: 37/37 MP: 5/5
  2381 | D:2      | Found Asico's Antique Weapon Emporium.
  2662 | D:1      | Found a faded altar of an unknown god.
  3493 | D:5      | Killed from afar by an orc priest

Illustrated notes

Levels and vault maps discovered:
D:1:      saegor_arrival_miasma, layout_basic, shapermc_ecumenical_altar_gd
D:2:      layout_loops_ring, serial_shops, shop
D:3:      minmay_roachtagon, layout_rooms, mainiacjoe_overflow_alcove_4,
          gammafunk_ghost_arena
D:4:      nicolae_cairo_tiling, layout_cave_pools, elyvilon_altar_1,
          mainiacjoe_overflow_concentric_impassable, temple_green
D:5:      layout_cave_pools, nicolae_overflow_hallway_of_the_gods,
          cheibrodos_sewer_entry_sluice, chequers_serial_rivers_small_3
Temple:   nicolae_temple_ecumenical_triangle

Skill      XL: |  1  2  3  4 |
---------------+-------------+-----
Stealth        | 7 |  7.9
Dodging        | 3 |  3.6
Fighting       | 4 |  4.2
Short Blades   | |  2.0

Action                   |  1- 3 |  4- 6 || total
-------------------------+-------+-------++-------
Melee: Short sword       |    35 |    55 ||    90
       Constrict         |     7 |    21 ||    28
       Tentacles         |     7 |    13 ||    20
       Punch             |       |     1 ||     1
       Quarterstaff      |       |    42 ||    42
  Use: Scroll            |       |     1 ||     1
 Stab: Sleeping          |     6 |    29 ||    35
Armor: Skin              |     2 |     2 ||     4
Dodge: Dodged            |    12 |    51 ||    63
